 Dungeon Crawl Stone Soup version 0.32-a0-928-g1cae6b7ea0 (webtiles) character file.

Game seed: 11679506061361337858

136 bobo the Shooter (level 5, 0/42 HPs)
             Began as a Barachi Hunter on Apr 13, 2024.
             Was a Follower of Uskayaw.
             Succumbed to a scorpion's poison
             ... on level 3 of the Dungeon.
             The game lasted 00:08:17 (2621 turns).

bobo the Shooter (Barachi Hunter)                   Turns: 2621, Time: 00:08:18

Health: 0/42       AC:  5    Str: 12    XL:     5   Next: 19%
Magic:  5/5        EV: 11    Int:  9    God:    Uskayaw [*.....]
Gold:   176        SH:  0    Dex: 18    Spells: 4/4 levels left

rFire   . . .        a - +0 shortbow
rCold   . . .        (shield currently unavailable)
rNeg    . . .        c - +0 leather armour
rPois   .            k - +0 helmet
rElec   .            (no cloak)
rCorr   .            (no gloves)
SInv    +            h - +0 pair of boots
Will    +....        (no amulet)
Stlth   ++           (no ring)
HPRegen 0.27/turn    (no ring)
MPRegen 0.09/turn

%: random rage (3%)
@: lethally poisoned (0 -> -5), slow
A: amphibious, slowness 1, strong legs 1, +LOS, berserk 1, strong-willed 1,
noise suppression
a: Hop, Renounce Religion, Stomp


You were on level 3 of the Dungeon.
You worshipped Uskayaw.
Uskayaw was noncommittal.
You visited 1 branch of the dungeon, and saw 4 of its levels.

You collected 176 gold pieces.

Inventory:

Hand Weapons
 a - a +0 shortbow (weapon)
 o - the +8 spear of the Final Decision {venom, Int+2}
   (You found it on level 3 of the Dungeon)

   Int+2:     It affects your intelligence (+2).
Armour
 c - a +0 leather armour (worn)
 h - a +0 pair of boots (worn)
 k - a +0 helmet (worn)
Wands
 d - a wand of flame (9)
Scrolls
 b - 2 scrolls of butterflies
 f - a scroll of fog
 i - 4 scrolls of identify {unknown}
 j - a scroll of vulnerability {unknown}
 n - a scroll of amnesia {unknown}


   Skills:
 + Level 4.2 Fighting
 + Level 4.9 Ranged Weapons
 - Level 2.1 Dodging
 - Level 2.2 Stealth
 + Level 0.9 Invocations


You had 4 spell levels left.
You didn't know any spells.
Your spell library was empty.

Dungeon Overview and Level Annotations

Branches:
Dungeon (4/15)
 Temple: D:4-7

Altars:
Uskayaw


Innate Abilities, Weirdness & Mutations

You are amphibious.
You cover ground slowly.
You can hop short distances.
You have an extended range of vision and can be seen from far away.
You sometimes lose your temper in combat.
You are strong-willed. (Will+)
You passively dampen the noise of your surroundings.


Message History

As you read the scroll labelled KASOMIRR YNKO, it dissolves into smoke.
It was a scroll of fog.
You feel very sick. The scorpion stings you.
You shoot an arrow. The arrow hits the scorpion.
The scorpion is almost dead.
You feel very sick.
The scorpion stings you but does no damage.
The scorpion stings you.
You are lethally poisoned!
The scorpion poisons you!
You can now pass through a line of other dancers.
As you read the scroll of butterflies, it crumbles to dust.
You hear the flapping of tiny wings.
* * * LOW HITPOINT WARNING * * *
You feel very sick.
You swap places.
* * * LOW HITPOINT WARNING * * *
You feel very sick.
There is a stone staircase leading up here.
* * * LOW HITPOINT WARNING * * *
You feel very sick.
You can no longer pass through a line of other dancers.
You climb upwards.
Your summoned allies are left behind.
* * * LOW HITPOINT WARNING * * *
You feel very sick.
There is a stone staircase leading down here.
You aren't carrying any potions.
As you read the scroll labelled PISAUJ JUNWOCI, it crumbles to dust.
You hear a loud clanging noise!
It was a scroll of noise.
You are ready to hop once more.
* * * LOW HITPOINT WARNING * * *
You feel sick.
You aren't carrying any potions.
Okay, then.
As you read the scroll labelled ADDINEO KAUBBO, it crumbles to dust.
You feel momentarily disoriented.
It was a scroll of revelation.
You die...
Your body falls in perfect tune with the rhythm.

..##.###'#...[.##########
..##.#.....##รท........^##
..##.......+...........##
..####.....##..........##
............#..........##
.#######.#..#..........#####
.......#.#.........[.......#
..............#..#########.#
................@..#....##.#
.###.#...#.#..#....#.#.###.# .#
#.#.#......#..###.#...#.# .#
#...#...#.##......###.#.# .#
#.#.#########.###.....#<#
.###.#.#########.###.##########
.##.....########.....####.....#
.##............#..#######.###.###
.........#####.#..#######...#.##<


There were no monsters in sight!

Vanquished Creatures
  Ijyb (D:3)
  Robin (D:3)
  3 adders
  2 dart slugs
  A ribbon worm (D:3)
  A bat (D:1)
  6 endoplasms
  3 giant cockroaches
  12 goblins
  7 hobgoblins
  2 jackals (D:2)
  3 quokkas
  4 ball pythons
  8 frilled lizards
  3 kobolds
  8 rats
65 creatures vanquished.

Notes
Turn   | Place    | Note
-------+----------+-------------------------------------------
     0 | D:1      | bobo the Barachi Hunter began the quest for the Orb.
     0 | D:1      | Reached XP level 1. HP: 17/17 MP: 1/1
   275 | D:1      | Reached XP level 2. HP: 23/23 MP: 2/2
   306 | D:1      | Reached skill level 1 in Stealth
   495 | D:1      | Reached XP level 3. HP: 29/29 MP: 3/3
  1319 | D:2      | Identified the +0 robe of Yredelemnul, Kissing {rF- Int+4}
  1666 | D:3      | Noticed a +0 short sword
  1667 | D:3      | Noticed a +0 falchion
  1667 | D:3      | Noticed a +0 dagger
  1667 | D:3      | Noticed a +0 dagger
  1667 | D:3      | Noticed a +0 short sword
  1667 | D:3      | Noticed a +0 spear
  1668 | D:3      | Noticed a +0 falchion
  1668 | D:3      | Noticed a +0 spear
  1684 | D:3      | Found a hide-covered altar of Uskayaw.
  1721 | D:3      | Noticed Robin
  1735 | D:3      | Reached XP level 4. HP: 37/37 MP: 4/4
  1747 | D:3      | Killed Robin
  1861 | D:3      | Became a worshipper of Uskayaw the Reveller
  1880 | D:3      | Reached * piety under Uskayaw
  1999 | D:3      | Identified the +8 spear of the Final Decision {venom,
                  | Int+2}
  2357 | D:3      | Noticed Ijyb
  2370 | D:3      | Gained mutation: You are strong-willed. (Will+) [potion of
                  | mutation]
  2370 | D:3      | Gained mutation: You sometimes lose your temper in combat.
                  | [potion of mutation]
  2370 | D:3      | Gained mutation: You passively dampen the noise of your
                  | surroundings. [potion of mutation]
  2385 | D:3      | Killed Ijyb
  2386 | D:3      | Reached XP level 5. HP: 10/42 MP: 1/5
  2615 | D:4      | Reached ** piety under Uskayaw
  2619 | D:3      | HP: 2/42 [poisoned by a scorpion]
  2621 | D:3      | Succumbed to a scorpion's poison

Illustrated notes

Levels and vault maps discovered:
D:1:      evilmike_arrival_hilbert_curve, layout_basic
D:2:      layout_rooms
D:3:      layout_basic, nicolae_uskayaw_en_pointe, uniq_ijyb, uniq_robin
D:4:      layout_gridville

Skill      XL: |  1  2  3  4 |
---------------+-------------+-----
Fighting       | 3 4 |  4.2
Stealth        | 1 2 |  2.2
Ranged Weapons | |  4.9
Dodging        | |  2.1
Invocations    | |  0.9

Action                     |  1- 3 |  4- 6 || total
---------------------------+-------+-------++-------
   Fire: Shortbow          |   115 |   103 ||   218
 Invoke: Stomp             |       |     1 ||     1
Ability: Hop               |     1 |     1 ||     2
    Use: Potion            |       |     4 ||     4
         Scroll            |       |     4 ||     4
 Armour: Leather armour    |    29 |    35 ||    64
  Dodge: Dodged            |    25 |    20 ||    45

Table legend: (Time is in decaauts)
 A = Elapsed time spent in this place.
 B = Non-inter-level travel time spent in this place.
 C = Inter-level travel time spent in this place.
 D = Time resting spent in this place.
 E = Time spent auto-exploring this place.
 F = Levels seen in this place.
 G = Mean time per level.
                   A        B        C        D        E       F      G
               +--------+--------+--------+--------+--------+-----+--------+
         Total |   3073 |   2964 |    109 |     22 |   2478 |   4 |  768.2 |
       Dungeon |   3073 |   2964 |    109 |     22 |   2478 |   4 |  768.2 |
               +--------+--------+--------+--------+--------+-----+--------+

Top non-repeatable levels by time:
     D:1: 1383 daAuts
     D:3: 1077 daAuts
     D:2: 567 daAuts
     D:4: 44 daAuts
